 Dungeon Crawl Stone Soup version 0.20.1-1-g8b1a95d (webtiles) character file.

46002 Miyamura the Severer (level 14, -1/138 HPs)
             Began as a Minotaur Fighter on Sept 18, 2017.
             Was the Champion of Okawaru.
             Slain by a 14-headed hydra (3 damage)
             ... on level 3 of the Lair of Beasts on Sept 24, 2017.
             The game lasted 00:40:28 (17772 turns).

Miyamura the Severer (Minotaur Fighter)            Turns: 17772, Time: 00:40:29

Health: -1/138     AC: 20    Str: 24 (25) XL:     14   Next: 3%
Magic:  17/18      EV: 16    Int:  7 (8)  God:    Okawaru [******]
Gold:   1130       SH:  0    Dex: 10 (12) Spells: 13/13 levels left

rFire    . . .     SeeInvis .   l - +6 executioner's axe "Rutad" {vamp, +Rage Dex+2}
rCold    + . .     Gourm    .   (shield currently unavailable)
rNeg     . . .     Faith    .   I - +4 troll leather armour
rPois    .         Spirit   .   z - +2 hat {MR+}
rElec    .         Reflect  .   v - +2 cloak
rCorr    .         Harm     .   S - +0 pair of gloves
MR       +++..     Rnd*Rage +   E - +2 pair of boots {Fly}
Stlth    +.........             B - amulet of magic regeneration
Regen    0.8/turn               K - ring of protection from cold
MPRegen  0.3/turn               q - ring of protection from magic

@: finesse, flying, very slightly contaminated
A: retaliatory headbutt, claws 1, horns 2, berserk 1, robust 1, strong 1, wild
magic 1
a: Heroism, Finesse, Renounce Religion, Evoke Berserk Rage, Stop Flying


You were on level 3 of the Lair of Beasts.
You worshipped Okawaru.
Okawaru was exalted by your worship.
You were not hungry.

You visited 2 branches of the dungeon, and saw 17 of its levels.
You also visited: Ice Cave.

You collected 1792 gold pieces.
You spent 662 gold pieces at shops.

Inventory:

Hand Weapons
 l - the +6 executioner's axe "Rutad" (weapon) {vamp, +Rage Dex+2}
   (You acquired it on level 12 of the Dungeon)

   It inflicts no extra harm, but heals its wielder when it wounds a living foe.
   It affects your dexterity (+2).
   It lets you go berserk.
 M - a +2 broad axe of freezing
 Q - a +3 longbow of flaming
Missiles
 G - 374 arrows
Armour
 h - the +10 large shield of Ignorance {rN+ Int-4}
   (You found it on level 10 of the Dungeon)

   It affects your intelligence (-4).
   It protects you from negative energy.
 v - a +2 cloak (worn)
 z - a +2 hat of magic resistance (worn)
 D - a +3 ring mail of poison resistance
 E - a +2 pair of boots of flying (worn)
 I - a +4 troll leather armour (worn)
 S - a +0 pair of gloves (worn)
 V - a +3 chain mail of fire resistance
Jewellery
 q - a ring of protection from magic (right hand)
 u - an uncursed ring of resist corrosion
 x - an uncursed ring of positive energy
 B - an amulet of magic regeneration (around neck)
 K - a ring of protection from cold (left hand)
Wands
 C - a wand of clouds (3/9)
 R - a wand of confusion (29/48)
Scrolls
 a - a scroll of fog
 e - 2 scrolls of amnesia
 o - 6 scrolls of remove curse
 s - 5 scrolls of teleportation
 w - 3 scrolls of recharging
 L - a scroll of holy word
Potions
 d - 2 potions of might
 g - 3 potions of flight
 k - 4 potions of brilliance
 p - a potion of resistance
 t - a potion of cancellation
 A - 2 potions of lignification
 H - 2 potions of agility {unknown}
 J - 2 potions of curing
 P - a potion of ambrosia {unknown}
 T - a potion of degeneration
Books
 r - a book of Flames

   Spells                             Type                      Level
   a - Flame Tongue                   Conjuration/Fire             1
   b - Throw Flame                    Conjuration/Fire             2
   c - Conjure Flame                  Conjuration/Fire             3
   d - Inner Flame                    Hexes/Fire                   3
   e - Sticky Flame                   Conjuration/Fire             4
   f - Fireball                       Conjuration/Fire             5
 y - a book of Misfortune

   Spells                             Type                      Level
   a - Confusing Touch                Hexes                        1
   b - Confuse                        Hexes                        3
   c - Gell's Gravitas                Translocation                3
   d - Petrify                        Transmutation/Earth          4
   e - Metabolic Englaciation         Hexes/Ice                    5
   f - Yara's Violent Unravelling     Hexes/Transmutation          5
 O - a book of Battle

   Spells                             Type                      Level
   a - Infusion                       Charms                       1
   b - Shroud of Golubria             Charms/Translocation         2
   c - Song of Slaying                Charms                       2
   d - Spectral Weapon                Hexes/Charms                 3
   e - Regeneration                   Charms/Necromancy            3
 U - a book of Cantrips

   Spells                             Type                      Level
   a - Confusing Touch                Hexes                        1
   b - Animate Skeleton               Necromancy                   1
   c - Summon Small Mammal            Summoning                    1
   d - Apportation                    Translocation                1
Comestibles
 f - 17 bread rations
 i - 18 fruits
 j - a chunk of flesh
 m - 4 royal jellies
 n - 4 meat rations


   Skills:
 - Level 12.2 Fighting
   Level 3.3 Long Blades
 * Level 16.0(16.3) Axes
   Level 5.9(12.3) Polearms
   Level 3.6(5.3) Staves
 - Level 12.1 Armour
 - Level 9.6 Dodging
 - Level 9.6 Shields
 - Level 6.9 Invocations


You had 13 spell levels left.
You didn't know any spells.

Dungeon Overview and Level Annotations

Branches:
Dungeon (14/15)            Temple (0/1) D:5            Lair (3/6) D:9
    Orc (0/2) D:11         Vaults (0/5) D:14
  Swamp: Lair:2-4    Shoals: Lair:2-4     Snake: Lair:2-4    Spider: Lair:2-4

Altars:
Cheibriados
Elyvilon
Gozag
Hepliaklqana
Okawaru
Ru
Sif Muna
Uskayaw
Vehumet
Xom
The Shining One
Beogh

Shops:
D:9 *   D:11 (*

Annotations:
D:10 1 runed door, exclusion: 4 orange crystal statues


Innate Abilities, Weirdness & Mutations

You reflexively headbutt those who attack you in melee.
You have a pair of horns on your head.
You have sharp fingernails.
You tend to lose your temper in combat.
You are robust. (+10% HP)
Your muscles are strong. (Str +2)
Your spells are a little harder to cast, but a little more powerful.


Message History

* * * LOW HITPOINT WARNING * * *
The 14-headed hydra bites you but does no damage. x2
The 14-headed hydra completely misses you.
The 14-headed hydra bites you but does no damage.
The 14-headed hydra barely misses you. The 14-headed hydra bites you.
* * * LOW HITPOINT WARNING * * *
The 14-headed hydra bites you but does no damage.
The 14-headed hydra closely misses you.
Okay, then.
Okay, then.
Okay, then.
Okay, then.
Okay, then.
Okay, then.
It was a potion of degeneration.
There was something very wrong with that liquid.
You feel weakened.
You feel dopey.
You feel clumsy.
The 14-headed hydra bites you but does no damage.
The 14-headed hydra closely misses you. The 14-headed hydra bites you.
You die...

............#...
....§§§.%§......
....§§§§§§......
#P..§§§..§.#....
#...§§§§#####..
#.....§§# ##
#......§###
#......D..###
........@....##
..............#
..............#
..............# .
.......>......# ###
.. ...........P##
#.## #.
............#####..##
#
..[.......###..#....#
#. .........##
#.......## #


You could see a 14-headed hydra.

Vanquished Creatures
  Gastronok (Lair:1)
  Nessos (D:14)
  2 ice dragons (IceCv)
  2 hydras
  2 centaur warriors (D:14)
  2 catoblepae (D:13)
  A tengu warrior (D:12)
  3 two-headed ogres
  A queen ant (Lair:2)
  3 unseen horrors
  Pikel (D:5)
  5 ugly things
  2 ice statues (IceCv)
  A cyclops (shapeshifter) (D:14)
  A centaur zombie (D:13)
  A black mamba (Lair:2)
  4 spiny frogs
  2 gargoyles
  2 komodo dragons
  A yaktaur (D:10)
  5 rime drakes
  2 kobold demonologists (D:12)
  5 trolls
  A jumping spider (shapeshifter) (D:13)
  A troll (shapeshifter) (D:14)
  A wind drake (shapeshifter) (D:13)
  A harpy skeleton (D:14)
  3 hippogriffs
  2 shadows
  A spriggan (D:7)
  A vampire (D:14)
  2 wraiths
  42 yaks
  3 hungry ghosts
  2 basilisks (D:12)
  7 wyverns
  A vampire mosquito (D:14)
  Menkaure (D:4)
  17 soldier ants
  A naga (shapeshifter) (D:14)
  3 wargs (D:9)
  Duvessa (D:6)
  2 porcupines
  6 orc warriors
  2 water moccasins
  4 sky beasts
  A necrophage (D:12)
  15 ice beasts
  4 black bears
  4 eyes of draining
  5 phantoms
  11 wolves (Lair:2)
  6 ogres
  9 centaurs
  5 crocodiles
  3 big kobolds
  12 bullfrogs
  A gnoll sergeant (D:8)
  A wyvern zombie (D:11)
  Dowan (D:6)
  2 wyvern skeletons
  5 scorpions
  6 killer bees
  10 wights
  3 howler monkeys
  An electric eel (Lair:1)
  5 crimson imps
  3 bullfrog zombies
  2 quasits
  Crazy Yiuf (D:3)
  12 orc priests
  9 hounds
  A jelly (D:6)
  Jessica (D:3)
  4 bullfrog skeletons
  15 orc wizards
  37 worker ants
  Natasha (thrice) (D:2)
  A hound zombie (D:3)
  The ghost of Enish the Digger, a weakling OpEE (D:3)
  2 worker ant zombies
  15 gnolls
  11 adders
  2 shadow imps
  An ooze (D:1)
  An adder zombie (D:8)
  4 worms
  3 dart slugs
  3 leopard geckos
  66 orcs
  5 giant cockroaches
  5 goblins
  7 hobgoblins
  3 jackals (D:2)
  A quokka (D:11)
  8 bats
  3 frilled lizards (D:2)
  A giant cockroach zombie (D:6)
  12 kobolds
  A quokka skeleton (D:4)
  6 rats
  A fungus (Lair:3)
516 creatures vanquished.

Vanquished Creatures (others)
  A quokka (D:5)
  A ball python (D:5)
  A leopard gecko zombie (D:5)
  A fungus (Lair:2)
4 creatures vanquished.

Grand Total: 520 creatures vanquished

Notes
Turn   | Place    | Note
-------+----------+-------------------------------------------
     0 | D:1      | Miyamura the Minotaur Fighter began the quest for the Orb.
     0 | D:1      | Reached XP level 1. HP: 19/19 MP: 0/0
    85 | D:1      | Reached XP level 2. HP: 27/27 MP: 1/1
   210 | D:1      | Reached skill level 3 in Axes
   465 | D:2      | Reached XP level 3. HP: 31/33 MP: 2/2
   597 | D:2      | Noticed Natasha
   600 | D:2      | Killed Natasha
   611 | D:2      | Found an opulent altar of Gozag.
   643 | D:2      | Reached XP level 4. HP: 41/41 MP: 3/3
   741 | D:2      | Noticed Natasha
   744 | D:2      | Killed Natasha
   944 | D:2      | Noticed Natasha
   948 | D:2      | Killed Natasha
  1200 | D:3      | Reached XP level 5. HP: 47/47 MP: 4/4
  1217 | D:3      | Found a glowing golden altar of the Shining One.
  1272 | D:3      | Reached skill level 5 in Fighting
  1283 | D:3      | Reached skill level 4 in Axes
  1314 | D:3      | Found a radiant altar of Vehumet.
  1315 | D:3      | Found an iron altar of Okawaru.
  1344 | D:3      | Became a worshipper of Warmaster Okawaru
  1420 | D:3      | Noticed Enish's ghost (weakling OpEE)
  1426 | D:3      | Killed Enish's ghost
  1477 | D:3      | Noticed Jessica
  1644 | D:3      | Reached skill level 1 in Invocations
  1663 | D:3      | Found a runed door.
  1718 | D:3      | Reached skill level 5 in Armour
  1718 | D:3      | Reached skill level 5 in Shields
  1718 | D:3      | Reached XP level 6. HP: 54/56 MP: 5/5
  1921 | D:3      | Killed Jessica
  1925 | D:3      | Found a deep blue altar of Sif Muna.
  1927 | D:4      | Noticed Menkaure
  1932 | D:4      | Killed Menkaure
  2006 | D:4      | Reached * piety under Okawaru
  2006 | D:4      | Reached XP level 7. HP: 52/62 MP: 7/7
  2018 | D:4      | Reached skill level 5 in Axes
  2207 | D:4      | Found a white marble altar of Elyvilon.
  3154 | D:3      | Noticed Crazy Yiuf
  3159 | D:3      | Killed Crazy Yiuf
  3159 | D:3      | Reached XP level 8. HP: 51/71 MP: 9/9
  3438 | D:5      | Entered Level 5 of the Dungeon
  3545 | D:5      | Reached skill level 1 in Staves
  3558 | D:5      | Reached ** piety under Okawaru
  3558 | D:5      | Reached skill level 1 in Dodging
  3699 | D:5      | Found a hazy altar of Hepliaklqana.
  3700 | D:5      | Found a shimmering altar of Xom.
  3701 | D:5      | Noticed a spectral ugly thing
  3744 | D:5      | Found a staircase to the Ecumenical Temple.
  3763 | D:5      | Noticed Pikel
  3772 | D:5      | Killed Pikel
  4326 | D:5      | Reached XP level 9. HP: 79/79 MP: 11/11
  5088 | D:6      | Reached skill level 1 in Polearms
  5147 | D:6      | Noticed Duvessa
  5147 | D:6      | Noticed Dowan
  5166 | D:6      | Killed Duvessa
  5166 | D:6      | Reached skill level 5 in Invocations
  5182 | D:6      | Killed Dowan
  5182 | D:6      | Reached *** piety under Okawaru
  5578 | D:7      | Found a hide-covered altar of Uskayaw.
  6032 | D:7      | Reached skill level 5 in Dodging
  6222 | D:7      | Found an iron altar of Okawaru.
  7065 | D:8      | Reached XP level 10. HP: 73/90 MP: 13/13
  7190 | D:8      | Reached **** piety under Okawaru
  7523 | D:9      | Gained mutation: Your muscles are strong. (Str +2) [mutagenic meat]
  7524 | D:9      | Gained mutation: Your spells are a little harder to cast, but a little more powerful. [mutagenic meat]
  7525 | D:9      | Gained mutation: You are robust. (+10% HP) [mutagenic meat]
  7526 | D:9      | Gained mutation: You have sharp fingernails. [mutagenic meat]
  7594 | D:9      | Found a staircase to the Lair.
  7881 | D:9      | Found Cudov's General Store.
  7890 | D:9      | Bought a scroll of remove curse for 42 gold pieces
  7890 | D:9      | Bought a scroll of immolation for 49 gold pieces
  7937 | D:9      | Reached skill level 5 in Polearms
  8183 | D:9      | Found a sacrificial altar of Ru.
  8231 | D:9      | Reached ***** piety under Okawaru
  8415 | D:10     | Entered Level 10 of the Dungeon
  8417 | D:10     | Found a runed door.
  8713 | D:10     | Received a gift from Okawaru
  9532 | D:10     | Reached skill level 10 in Fighting
  9619 | D:10     | Reached skill level 1 in Long Blades
 10044 | D:10     | Received a gift from Okawaru
 10044 | D:10     | Reached XP level 11. HP: 50/108 MP: 2/15
 10273 | D:10     | Found a runed door.
 10280 | D:10     | Noticed an orange crystal statue
 10287 | D:10     | Noticed an orange crystal statue
 10287 | D:10     | Noticed an orange crystal statue
 10287 | D:10     | Noticed an orange crystal statue
 10293 | D:10     | Noticed a two-headed ogre
 10612 | D:11     | Found Vuqa's Antique Weapon Shop.
 10642 | D:11     | Bought a runed long sword for 188 gold pieces
 10642 | D:11     | Bought a glowing morningstar for 203 gold pieces
 10765 | D:11     | You fall through a shaft for 3 floors!
 10765 | D:14     | Noticed a two-headed ogre
 10772 | D:14     | Killed a two-headed ogre
 10772 | D:14     | Reached skill level 6 in Axes
 10772 | D:14     | Reached skill level 10 in Armour
 11010 | D:14     | Noticed Nessos
 11025 | D:14     | Killed Nessos
 11081 | D:14     | Found a gate to the Vaults.
 11086 | D:14     | Noticed a glowing orange brain
 11086 | D:14     | a dream sheep changed into a glowing orange brain
 11087 | D:14     | a glowing orange brain changed into an eye of devastation
 11089 | D:14     | Noticed a death drake
 11089 | D:14     | an eye of devastation changed into a death drake
 11090 | D:14     | a death drake changed into a cyclops
 11095 | D:14     | Noticed a shining eye
 11098 | D:14     | Noticed a death drake
 11098 | D:14     | a shining eye changed into a death drake
 11101 | D:14     | a death drake changed into a swamp worm
 11595 | D:14     | Noticed a centaur warrior
 11599 | D:14     | Noticed a centaur warrior
 11601 | D:14     | Received a gift from Okawaru
 11601 | D:14     | Reached skill level 7 in Axes
 11614 | D:14     | Killed a centaur warrior
 11615 | D:14     | Killed a centaur warrior
 12015 | D:13     | Noticed a white ugly thing
 12278 | D:13     | Noticed a six-headed hydra
 12290 | D:13     | Killed a six-headed hydra
 12290 | D:13     | Reached XP level 12. HP: 37/121 MP: 8/16
 12621 | D:13     | Noticed a catoblepas
 12658 | D:13     | Killed a catoblepas
 12658 | D:13     | Reached skill level 8 in Axes
 12932 | D:13     | Noticed a catoblepas
 12980 | D:13     | Killed a catoblepas
 13021 | D:13     | Received a gift from Okawaru
 13038 | D:13     | Gained mutation: You tend to lose your temper in combat. [mutagenic meat]
 13521 | D:13     | Noticed a two-headed ogre
 13527 | D:13     | Killed a two-headed ogre
 14052 | D:12     | Reached skill level 9 in Axes
 14220 | D:12     | Identified a scroll of acquirement
 14221 | D:12     | Got a translucent executioner's axe
 14231 | D:12     | Identified the +6 executioner's axe "Rutad" {vamp, +Rage Dex+2} (You acquired it on level 12 of the Dungeon)
 14257 | D:12     | Noticed a tengu warrior
 14269 | D:12     | Killed a tengu warrior
 14291 | D:12     | Reached skill level 10 in Axes
 14535 | D:12     | Reached ****** piety under Okawaru
 14580 | D:12     | Reached XP level 13. HP: 120/129 MP: 17/17
 14847 | D:11     | Reached skill level 11 in Axes
 15142 | D:11     | Received a gift from Okawaru
 15228 | D:11     | Found a staircase to the Orcish Mines.
 15296 | D:11     | Found a roughly hewn altar of Beogh.
 15402 | D:11     | Found Cemyrph's Assorted Antiques.
 15416 | D:11     | Bought a triangular soapstone amulet for 180 gold pieces
 15477 | D:11     | Found a snail-covered altar of Cheibriados.
 15496 | D:11     | Reached skill level 12 in Axes
 15656 | Lair:1   | Entered Level 1 of the Lair of Beasts
 15887 | Lair:1   | Noticed Gastronok
 15896 | Lair:1   | Killed Gastronok
 16319 | Lair:2   | Reached skill level 13 in Axes
 16419 | Lair:2   | Received a gift from Okawaru
 16427 | Lair:2   | Reached skill level 14 in Axes
 16514 | Lair:2   | Found a frozen archway.
 16532 | IceCv    | Entered an ice cave
 16732 | IceCv    | Reached skill level 15 in Axes
 17609 | Lair:3   | Reached XP level 14. HP: 138/138 MP: 18/18
 17740 | Lair:3   | Reached skill level 16 in Axes
 17771 | Lair:3   | HP: 5/138 [14-headed hydra (5)]
 17771 | Lair:3   | HP: 1/138 [14-headed hydra (4)]
 17772 | Lair:3   | Slain by a 14-headed hydra

Skill      XL: |  1  2  3  4  5  6  7  8  9 10 11 12 13 14 |
---------------+-------------------------------------------+-----
Fighting       | 4 5 6 7 8 10 11 12 | 12.2
Axes           | 3 4 5 7 10 15 16 | 16.0
Shields        | 4 5 6 8 9 |  9.6
Armour         | 4 5 6 7 8 9 11 12 | 12.1
Invocations    | 1 2 3 4 5 6 |  6.9
Staves         | 3 |  3.6
Dodging        | 3 5 7 8 9 |  9.6
Polearms       | 3 5 |  5.9
Long Blades    | 3 |  3.3

Action                   |  1- 3 |  4- 6 |  7- 9 | 10-12 | 13-15 || total
-------------------------+-------+-------+-------+-------+-------++-------
Melee: War axe           |    75 |   113 |    89 |       |       ||   277
       Headbutt          |     9 |    24 |    57 |   163 |    62 ||   315
       Quarterstaff      |       |       |   111 |     4 |       ||   115
       Halberd           |       |       |   172 |   234 |       ||   406
       Great sword       |       |       |       |    27 |       ||    27
       Broad axe         |       |       |       |   399 |       ||   399
       Executioner's axe |       |       |       |    45 |   282 ||   327
Invok: Heroism           |       |       |       |     7 |     1 ||     8
       Finesse           |       |       |       |     2 |     1 ||     3
Evoke: Wand              |       |       |     1 |     1 |     5 ||     7
  Use: Scroll            |     2 |       |    17 |    22 |     6 ||    47
       Potion            |       |     4 |       |     4 |     1 ||     9
 Stab: Confused          |       |       |     1 |       |       ||     1
  Eat: Chunk             |       |     4 |    13 |    20 |     9 ||    46
       Fruit             |       |       |     1 |     2 |       ||     3
       Royal jelly       |       |       |     1 |     1 |       ||     2
       Meat ration       |       |       |       |     3 |       ||     3
       Bread ration      |       |       |       |     1 |       ||     1
Armor: Scale mail        |    27 |    51 |    87 |       |       ||   165
       Ring mail         |       |       |    93 |   290 |       ||   383
       Troll leather arm |       |       |       |    37 |   164 ||   201
Dodge: Dodged            |    18 |    35 |   223 |   367 |   351 ||   994
Block: Shield            |    36 |    37 |    47 |       |       ||   120
       Large shield      |       |       |       |   514 |       ||   514
       Rpst.: Great sword |       |       |       |    15 |       ||    15
